 Dungeon Crawl Stone Soup version 0.32-a0-119-g2e8054a333 (webtiles) character file.

Game seed: 4199039397976790233

39 Ghostmaker01 the Trooper (level 3, -6/34 HPs)
             Began as a Minotaur Fighter on Feb 6, 2024.
             Mangled by a gnoll
             ... wielding a +0 halberd
              (11 damage)
             ... on level 2 of the Dungeon.
             The game lasted 00:04:18 (1119 turns).

Ghostmaker01 the Trooper (Minotaur Fighter)         Turns: 1119, Time: 00:04:18

Health: -6/34      AC:  7    Str: 22    XL:     3   Next: 28%
Magic:  2/2        EV:  9    Int:  5    God:
Gold:   78         SH:  4    Dex:  9    Spells: 2/2 levels left

rFire   x . .        a - +0 war axe
rCold   + . .        c - +0 buckler
rNeg    . . .        b - +0 scale mail
rPois   .            (helmet restricted)
rElec   .            (no cloak)
rCorr   .            (no gloves)
SInv    .            (no boots)
Will    .....        (no amulet) Stlth
                     e - ring of ice
HPRegen 0.25/turn    (no ring)
MPRegen 0.08/turn

%: no passive effects
@: no status effects
A: horns 2, retaliatory headbutt
a: no special abilities


You were on level 2 of the Dungeon.
You visited 1 branch of the dungeon, and saw 2 of its levels.

You collected 78 gold pieces.

Inventory:

Hand Weapons
 a - a +0 war axe (weapon)
Armour
 b - a +0 scale mail (worn)
 c - a +0 buckler (worn)
Jewellery
 e - a ring of ice (left hand)
Talismans
 h - a blade talisman
Scrolls
 f - a scroll of vulnerability {unknown}
 j - 3 scrolls of noise {unknown}
Potions
 d - 2 potions of might
 g - 2 potions of lignification {unknown}
 i - a potion of heal wounds {unknown}


   Skills:
 * Level 4.4 Fighting
 * Level 3.0 Axes
 * Level 4.1 Armour
 + Level 3.7 Shields
 * Level 0.1 Spellcasting


You had 2 spell levels left.
You didn't know any spells.
Your spell library was empty.

Dungeon Overview and Level Annotations

Branches:
Dungeon (2/15)

Altars:


Innate Abilities, Weirdness & Mutations

You have a pair of horns on your head.
You reflexively headbutt those who attack you in melee.


Message History

The gnoll shouts!
A kobold and a dart slug come into view.
The kobold shouts!
The gnoll barely misses you.
A kobold comes into view. It is wielding a +0 dagger.
You see here a golden potion.
The kobold shouts!
You hit the gnoll but do no damage. You slash the gnoll!
The gnoll hits you from afar with a +0 spear.
The gnoll hits you but does no damage. The gnoll barely misses you.
You closely miss the gnoll. Your headbutt misses the gnoll.
The gnoll is severely wounded.
You closely miss the gnoll. The gnoll hits you but does no damage.
You block the gnoll's attack. x2
The gnoll hits you but does no damage. The gnoll attacks as it pursues you!
The gnoll hits you with a +0 flail!
The gnoll hits you from afar with a +0 spear.
The gnoll attacks as it pursues you! The gnoll hits you but does no damage.
The gnoll attacks as it pursues you! The gnoll barely misses you.
The gnoll attacks as it pursues you! The gnoll barely misses you.
The gnoll attacks as it pursues you! The gnoll closely misses you.
You furiously retaliate!
You headbutt the gnoll!
You kill the gnoll!
The gnoll attacks as it pursues you! The gnoll barely misses you.
You barely miss the gnoll. The gnoll closely misses you.
The gnoll hits you but does no damage. The gnoll closely misses you.
The gnoll hits you with a +0 spear. The gnoll closely misses you.
The gnoll hits you but does no damage. The gnoll misses you.
The gnoll hits you with a +0 flail!
* * * LOW HITPOINT WARNING * * *
The gnoll attacks as it pursues you! The gnoll hits you but does no damage.
The gnoll attacks as it pursues you!
The gnoll hits you from afar with a +0 halberd.
* * * LOW HITPOINT WARNING * * *
You hit the gnoll but do no damage. You headbutt the gnoll.
The gnoll is heavily wounded.
You block the gnoll's attack.
The gnoll hits you from afar with a +0 halberd!
You die...

###.##..........#........##
...........................#
.................#.........#
#.....###.....#.#.........# .
#.............#.#..........
.............#...#.#..#####.##
....##................# #.#
#.........g#.##..##.## #.#
#....!..wKKg@.#...#..# #.#
..........####..)......## #.#
........................###.###
......)........................
..................###.....#.###
..................###.#.....#
............###..........<>.#
.##.........# #.............#
..........###


You could see 2 gnolls, a dart slug and 2 kobolds.

Vanquished Creatures
  A gnoll (D:2)
  3 endoplasms (D:1)
  3 giant cockroaches (D:1)
  4 goblins (D:1)
  A hobgoblin (D:1)
  2 quokkas (D:1)
  2 ball pythons (D:1)
  3 bats (D:1)
  11 frilled lizards (D:1)
30 creatures vanquished.

Notes
Turn   | Place    | Note
-------+----------+-------------------------------------------
     0 | D:1      | Ghostmaker01 the Minotaur Fighter began the quest for the
                  | Orb.
     0 | D:1      | Reached XP level 1. HP: 19/19 MP: 0/0
   212 | D:1      | Reached XP level 2. HP: 24/27 MP: 1/1
   820 | D:1      | Reached XP level 3. HP: 33/33 MP: 2/2
  1119 | D:2      | Mangled by a gnoll

Illustrated notes

Levels and vault maps discovered:
D:1:      elethiomel_arrival_quiet, layout_basic, minmay_misc_feat_enclosed,
          minmay_misc_feat_tower, minmay_lizard_pond
D:2:      layout_basic

Skill      XL: |  1  2 |
---------------+-------+-----
Fighting       | 4 |  4.4
Armour         | 4 |  4.1
Axes           | 3 |  3.0
Shields        | |  3.7
Spellcasting   | |  0.1

Action                     || total
---------------------------++-------
  Melee: War axe           ||    62
         Headbutt          ||     6
 Armour: Scale mail        ||    53
  Dodge: Dodged            ||    28
  Block: Buckler           ||    16
         Form:             ||     1
         Blade             ||     1

Table legend: (Time is in decaauts)
 A = Elapsed time spent in this place.
 B = Non-inter-level travel time spent in this place.
 C = Inter-level travel time spent in this place.
 D = Time resting spent in this place.
 E = Time spent auto-exploring this place.
 F = Levels seen in this place.
 G = Mean time per level.
                   A        B        C        D        E       F      G
               +--------+--------+--------+--------+--------+-----+--------+
         Total |   1146 |   1075 |     71 |      0 |    875 |   2 |  573.0 |
       Dungeon |   1146 |   1075 |     71 |      0 |    875 |   2 |  573.0 |
               +--------+--------+--------+--------+--------+-----+--------+

Top non-repeatable levels by time:
     D:1: 1102 daAuts
     D:2: 43 daAuts
